Map: King's Cove LE

Players

SortOf

  • Race: Zerg Zerg
  • League: Diamond
  • Spawn Location: 11:00

HeRoMaRinE - Winner!

  • Race: Terran Terran
  • Spawn Location: 5:00

Event: 2019 WCS Summer

VOD

Have the link to the VOD?

Description

Time

  • Played on: July 13, 2019, 11:35 a.m.
  • Length: 7:19

All games in this series

Show
View Real Time Build Order
Export as new Build Order

SortOf Zerg 

Build Orders: Hatch First 

Get SALT Encoding   

  12  0:00  Drone  
  13  0:12  Overlord  
  13  0:17  Drone  
  14  0:30  Drone x2  
  16  0:49  Hatchery  
  15  0:53  Drone  
  15  0:56  Drone  
  17  0:59  Drone  
  18  1:10  Extractor  
  17  1:16  Spawning Pool  
  17  1:18  Drone  
  17  1:21  Drone  
  18  1:28  Drone  
  19  1:38  Drone  
  20  1:49  Overlord  
  20  2:03  Queen x2  
  20  2:05  Zergling x4  
  26  2:13  Drone x2  
  28  2:25  Hatchery  
  28  2:29  Drone  
  28  2:31  Drone  
  28  2:35  Drone  
  30  2:38  Metabolic Boost  
  30  2:43  Drone  
  31  2:47  Overlord  
  31  2:50  Drone  
  32  2:56  Queen  
  34  3:01  Drone  
  34  3:04  Drone  
  36  3:06  Drone  
  36  3:10  Drone  
  38  3:13  Drone  
  39  3:22  Overlord  
  39  3:27  Drone  
  39  3:28  Drone  
  39  3:30  Queen  
  39  3:33  Overlord  
  43  3:38  Queen  
  43  3:39  Drone x4  
  49  3:46  Drone x3  
  52  3:51  Overlord  
  52  3:55  Lair  
  52  3:58  Drone  
  52  4:00  Spore Crawler  
  52  4:02  Zergling x2  
  53  4:03  Zergling x2  
  54  4:11  Drone x5  
  54  4:14  Queen  
  62  4:20  Zergling x4  
  64  4:28  Overlord  
  64  4:36  Queen, Overlord  
  66  4:39  Drone x3, Extractor  
  66  4:44  Zergling x8  
  66  4:45  Zergling x2  
  73  4:50  Queen  
  75  4:53  Spore Crawler  
  75  4:58  Nydus Network  
  71  5:03  Spore Crawler  
  71  5:05  Zergling x10, Spore Crawler  
  74  5:09  Queen  
  74  5:11  Queen  
  74  5:12  Spore Crawler  
  77  5:15  Overseer  
  77  5:24  Zergling x10  
  77  5:28  Overlord  
  82  5:32  Overlord  
  82  5:41  Overlord x3  
  82  5:45  Queen x2  
  82  5:49  Queen  
  88  5:52  Overlord  
  88  5:53  Zergling x2  
  88  5:54  Zergling x4  
  90  6:00  Zergling x10  
  94  6:07  Nydus Canal  
  94  6:12  Zergling x14  
  101  6:19  Zergling x4  
  101  6:21  Nydus Canal  
  103  6:26  Zergling x8  
  103  6:32  Zergling x2  
  101  6:35  Nydus Canal  
  101  6:36  Zergling x8  
  101  6:37  Zergling x2  
  92  6:42  Queen x2  
  92  6:45  Zergling x4  
  97  6:50  Nydus Canal  
  97  6:51  Zergling x2  
  98  6:56  Zergling x4  
  98  7:00  Zergling x2  
  100  7:01  Overseer  
  100  7:07  Nydus Canal  
Show
View Real Time Build Order
Export as new Build Order

HeRoMaRinE Terran - Winner!

Build Orders: Command Center First (CC), Hellion Opening 

Get SALT Encoding   

  12  0:00  SCV  
  13  0:13  SCV  
  14  0:17  Supply Depot  
  14  0:25  SCV  
  15  0:39  SCV  
  16  0:51  SCV  
  17  1:00  Command Center  
  17  1:03  SCV  
  18  1:15  Barracks  
  18  1:18  SCV  
  19  1:23  Refinery  
  19  1:30  SCV  
  20  1:34  Refinery  
  20  1:42  SCV  
  21  1:54  SCV  
  22  2:02  Reaper  
  22  2:06  Orbital Command  
  23  2:12  Orbital Command  
  23  2:21  Factory  
  23  2:32  SCV  
  23  2:34  Barracks Reactor  
  24  2:38  SCV  
  24  2:44  SCV  
  26  2:50  SCV  
  27  2:56  SCV  
  28  3:02  SCV  
  29  3:07  Supply Depot  
  29  3:08  Starport, SCV  
  30  3:14  Hellion x2  
  30  3:15  SCV  
  30  3:16  Marine  
  36  3:20  SCV  
  37  3:27  SCV  
  37  3:32  SCV  
  37  3:33  Supply Depot  
  39  3:34  Marine  
  39  3:35  Hellion x2  
  39  3:39  SCV  
  45  3:44  SCV  
  45  3:47  Starport Tech Lab, Fusion Core  
  46  3:55  SCV  
  47  3:56  SCV  
  47  3:57  Barracks Tech Lab, Hellion x2, Supply Depot  
  52  4:07  SCV  
  52  4:08  SCV  
  54  4:18  Viking  
  54  4:19  SCV  
  54  4:20  SCV  
  54  4:21  Supply Depot  
  58  4:28  Command Center  
  58  4:31  SCV  
  58  4:33  SCV  
  58  4:38  Marine x2, Refinery  
  62  4:39  Refinery  
  62  4:41  Supply Depot  
  62  4:48  SCV, Battlecruiser  
  62  4:50  SCV  
  70  5:03  Marine x2, SCV  
  70  5:04  Supply Depot x2  
  70  5:06  Siege Tank  
  70  5:07  SCV  
  77  5:14  Weapon Refit  
  77  5:15  SCV  
  78  5:25  Marine x2  
  78  5:26  SCV  
  78  5:27  SCV  
  82  5:31  Supply Depot  
  82  5:38  Siege Tank, SCV  
  82  5:39  SCV  
  82  5:40  Orbital Command  
  87  5:45  Marine x2  
  87  5:47  Supply Depot  
  89  5:54  Battlecruiser  
  95  5:58  SCV x2  
  95  6:03  Marine x2  
  99  6:10  Siege Tank  
  102  6:12  Bunker  
  102  6:17  Barracks, Engineering Bay  
  102  6:18  Barracks  
  102  6:21  Engineering Bay  
  102  6:29  Marine x2  
  100  6:34  SCV x2  
  100  6:39  SCV  
  95  6:43  Siege Tank  
  95  6:46  SCV  
  99  6:47  Marine x2  
  101  6:57  Barracks  
  101  7:00  Barracks  
  103  7:05  Barracks Tech Lab x2  
Tags
 
Add a new tag
Caveats
  • Supply blocks, unpowered buildings, or Contaminate may cause inaccurate times.
  • Supply counts are checked every 10 seconds.